 Dungeon Crawl Stone Soup version 0.31-a0-636-ge1c0e020e0 (webtiles) character file.

Game seed: 14531089391588721432

559 rvierbuc the Grave Robber (level 7, -2/46 HPs)
             Began as a Demonspawn Necromancer on Aug 26, 2023.
             Was a Follower of Nemelex Xobeh.
             Slain by a red devil
             ... wielding a +0 trident
             ... summoned by the player character
              (9 damage)
             ... on level 6 of the Dungeon.
             The game lasted 00:17:44 (4056 turns).

rvierbuc the Grave Robber (Demonspawn Necromancer)  Turns: 4056, Time: 00:17:45

Health: -2/46      AC:  8    Str:  9    XL:     7   Next: 9%
Magic:  2/14       EV: 11    Int: 22    God:    Nemelex Xobeh [*.....]
Gold:   162        SH:  4    Dex: 10    Spells: 11/15 levels left

rFire   + . .        (no weapon)
rCold   x . .        (no shield)
rNeg    + + +        m - +3 leather armour "Takkuch" {rF+ rN+}
rPois   .            (no helmet)
rElec   +            (no cloak)
rCorr   .            x - +0 pair of gloves of the Cooper {rElec rC- rN+++ Dex-3}
SInv    .            d - +0 pair of boots
Will    .....        (no amulet)
Stlth   +            (no ring)
HPRegen 0.27/turn    (no ring)
MPRegen 0.14/turn

%: no passive effects
@: no status effects
A: claws 1, powered by pain 1, big brain 2, condensation shield
a: Renounce Religion, Draw Escape, Draw Destruction, Draw Summoning


You were on level 6 of the Dungeon.
You worshipped Nemelex Xobeh.
Nemelex Xobeh was aware of your devotion.
You visited 1 branch of the dungeon, and saw 6 of its levels.

You collected 162 gold pieces.

Inventory:

Missiles
 r - a curare-tipped dart
Armour
 a - a +0 robe
 d - a +0 pair of boots (worn)
 m - the +3 leather armour "Takkuch" (worn) {rF+ rN+}
   (You found it on level 2 of the Dungeon)

   rF+:       It protects you from fire.
   rN+:       It protects you from negative energy.
 x - the +0 pair of gloves of the Cooper (worn) {rElec rC- rN+++ Dex-3}
   (You found it on level 3 of the Dungeon)

   Dex-3:     It affects your dexterity (-3).
   rC-:       It makes you vulnerable to cold.
   rElec:     It insulates you from electricity.
   rN+++:     It renders you almost immune to negative energy.
Jewellery
 s - a ring of poison resistance
Talismans
 u - a flux talisman
 y - a serpent talisman
Wands
 t - a wand of flame (17)
Scrolls
 e - a scroll of fog {unknown}
 h - 2 scrolls of vulnerability {unknown}
 i - a scroll of fear {unknown}
 j - 2 scrolls of amnesia {unknown}
 n - 8 scrolls of identify {unknown}
 o - a scroll of poison {unknown}
 w - a scroll of butterflies {unknown}
Potions
 b - a potion of magic
 c - 3 potions of curing
 f - 2 potions of might {unknown}
 g - a potion of cancellation {unknown}
 k - a potion of berserk rage {unknown}
 l - a potion of attraction {unknown}
 p - a potion of haste {unknown}
 q - a potion of lignification {unknown}
 v - 2 potions of degeneration {unknown}


   Skills:
 + Level 0.3 Fighting
 + Level 1.1 Armour
 + Level 2.4 Dodging
 + Level 2.0 Stealth
 + Level 0.2 Shields
 + Level 0.1 Unarmed Combat
 + Level 4.8 Spellcasting
 + Level 7.1 Necromancy


You had 11 spell levels left.
You knew the following spells:

 Your Spells              Type           Power      Damage    Failure   Level
a - Necrotise             Necr           100%       1d9       1%          1
b - Vampiric Draining     Necr           36%        2d8       2%          3

Your spell library contained the following spells:

 Spells                   Type           Power      Damage    Failure   Level
 Animate Dead             Necr           36%        N/A       8%          4
 Agony                    Necr           36%        N/A       22%         5
 Ignite Poison            Fire/Tmut/Pois 5%         N/A       38%         3
 Sticky Flame             Conj/Fire      5%         2d3       80%         4
 Ignition                 Fire           2%         3d3       100%        8


Dungeon Overview and Level Annotations

Branches:
Dungeon (6/15)
 Temple: D:4-7

Altars:
Nemelex Xobeh
Ru

Shops:
D:1 [


Innate Abilities, Weirdness & Mutations

You have sharp fingernails.
You sometimes gain a little power by taking damage.
You have an extremely huge brain. (Int +4)
A meltable shield of frost defends you. (SH +4)


Message History

* * * LOW HITPOINT WARNING * * *
The ufetubus attacks as it pursues you! The ufetubus misses you.
You block the ufetubus's attack.
There is a stone staircase leading down here.
The ufetubus hits you but does no damage.
You block the ufetubus's attack. The scorpion stings you.
* * * LOW HITPOINT WARNING * * *
You are lethally poisoned!
The scorpion poisons you!
The ufetubus hits you but does no damage.
The ufetubus hits you.
* * * LOW HITPOINT WARNING * * *
You climb downwards.
* * * LOW HITPOINT WARNING * * *
You feel sick.
There is a stone staircase leading up here.
You feel better. You block the scorpion's attack.
The ufetubus closely misses you. You block the ufetubus's attack.
Okay, then.
You draw a card...
You have drawn the Storm.
A fierce wind blows from the card.
The water moccasin is knocked back by the gust of wind.
The water moccasin slams into the rock wall!
The water moccasin is moderately wounded.
The scorpion is knocked back by the gust of wind.
The scorpion slams into the rock wall!
The scorpion is heavily wounded.
The ufetubus is knocked back by the gust of wind.
You hear mighty peals of thunder!
You hear a bark!
You draw a card...
You have drawn the Pentagram.
The water moccasin completely misses you.
The scorpion stings you but does no damage.
The water moccasin bites you.
* * * LOW HITPOINT WARNING * * *
Your hell hound bites the scorpion.
The ufetubus hits you but does no damage.
The ufetubus closely misses you.
The red devil hits you from afar with a +0 trident!
You die...
Your body disappears without a glow.

#######
######.....#
...........#
...........#
...........#
......5@.4.#
.......Ss..#
.........h.#
...........#
#+##########


You could see a red devil (summoned), a water moccasin, a scorpion (ally
target), an ufetubus and a friendly hell hound (summoned).

Vanquished Creatures
  A kobold brigand (D:3)
  A bullfrog (D:5)
  A scorpion (D:4)
  A sleepcap (D:5)
  2 iguanas (D:5)
  3 orc wizards (D:3)
  4 adders
  6 gnolls (D:4)
  A worm (D:3)
  8 orcs
  4 ball pythons
  4 bats
  5 endoplasms
  6 giant cockroaches
  8 goblins
  9 hobgoblins
  A jackal (D:3)
  2 kobolds
  4 quokkas
  3 frilled lizards
  3 rats
77 creatures vanquished.

Vanquished Creatures (collateral kills)
  An orc wizard (D:4)
  An ufetubus (D:5)
  A goblin (D:2)
  A jackal (D:3)
  A frilled lizard (D:1)
5 creatures vanquished.

Grand Total: 82 creatures vanquished

Notes
Turn   | Place    | Note
-------+----------+-------------------------------------------
     0 | D:1      | rvierbuc the Demonspawn Necromancer began the quest for the
                  | Orb.
     0 | D:1      | Reached XP level 1. HP: 13/13 MP: 3/3
   183 | D:1      | Found Kigurph's Antique Armour Shop.
   431 | D:1      | Gained mutation: You have an unusually large brain. (Int
                  | +2) [demonic ancestry]
   431 | D:1      | Reached XP level 2. HP: 19/19 MP: 3/5
  1011 | D:2      | Reached skill level 5 in Necromancy
  1011 | D:2      | Gained mutation: You have an extremely huge brain. (Int +4)
                  | [demonic ancestry]
  1011 | D:2      | Reached XP level 3. HP: 24/24 MP: 0/6
  1120 | D:2      | Learned a level 3 spell: Vampiric Draining
  1173 | D:2      | Identified the +3 leather armour "Takkuch" {rF+ rN+}
  1796 | D:3      | Reached XP level 4. HP: 27/30 MP: 0/8
  2331 | D:3      | Found a sparkling altar of Nemelex Xobeh.
  2340 | D:3      | Became a worshipper of Nemelex Xobeh the Trickster
  2479 | D:3      | Identified the +0 pair of gloves of the Cooper {rElec rC-
                  | rN+++ Dex-3}
  2781 | D:4      | Noticed a kobold brigand
  2783 | D:4      | Gained mutation: A meltable shield of frost defends you.
                  | (SH +4) [demonic ancestry]
  2783 | D:4      | Reached XP level 5. HP: 35/35 MP: 7/10
  2867 | D:3      | Reached skill level 6 in Necromancy
  2969 | D:4      | Gained mutation: You sometimes gain a little power by
                  | taking damage. [demonic ancestry]
  2969 | D:4      | Reached XP level 6. HP: 41/41 MP: 8/12
  3253 | D:4      | Reached skill level 1 in Armour
  3425 | D:4      | Reached * piety under Nemelex Xobeh
  3481 | D:4      | Found a sacrificial altar of Ru.
  3661 | D:4      | Received a gift from Nemelex Xobeh
  3870 | D:5      | Entered Level 5 of the Dungeon
  3954 | D:5      | Reached skill level 7 in Necromancy
  3954 | D:5      | Gained mutation: You have sharp fingernails. [demonic
                  | ancestry]
  3954 | D:5      | Reached XP level 7. HP: 29/46 MP: 2/14
  4052 | D:6      | HP: 1/46 [poisoned by a scorpion]
  4055 | D:6      | Noticed a red devil
  4056 | D:6      | Slain by a red devil

Illustrated notes

Levels and vault maps discovered:
D:1:      dpeg_arrival_castle, layout_rooms, serial_shops, shop,
          nicolae_eternal_life, chequers_decorated_corner, minmay_tromino_v4_b
D:2:      layout_basic, basic_altar, uniq_crazy_yiuf_cottage
D:3:      layout_loops_ring, mainiacjoe_overflow_24_doors
D:4:      layout_basic, nicolae_ru_great_annihilating_truth
D:5:      layout_rooms, st_stairs_11
D:6:      layout_gridville, gammafunk_ghost_grave,
          minmay_fractal_squares_gapless_5

Skill      XL: |  1  2  3  4  5  6 |
---------------+-------------------+-----
Necromancy     | 5 6 7 |  7.1
Spellcasting   | 3 4 |  4.8
Stealth        | 2 |  2.0
Dodging        | 2 |  2.4
Armour         | 1 |  1.1
Fighting       | |  0.3
Shields        | |  0.2
Unarmed Combat | |  0.1

Action                     |  1- 3 |  4- 6 |  7- 9 || total
---------------------------+-------+-------+-------++-------
  Melee: Unarmed           |     8 |    19 |     3 ||    30
   Cast: Necrotise         |    59 |   123 |     9 ||   191
         Vampiric Draining |       |     1 |     2 ||     3
 Invoke: Draw Destruction  |       |       |     1 ||     1
         Draw Summoning    |       |       |     1 ||     1
    Use: Potion            |       |     1 |     1 ||     2
 Armour: Robe              |     4 |       |       ||     4
         Leather armour    |     1 |    26 |    21 ||    48
  Dodge: Dodged            |    12 |    35 |    32 ||    79
  Block: Other             |       |    14 |    15 ||    29

Table legend: (Time is in decaauts)
 A = Elapsed time spent in this place.
 B = Non-inter-level travel time spent in this place.
 C = Inter-level travel time spent in this place.
 D = Time resting spent in this place.
 E = Time spent auto-exploring this place.
 F = Levels seen in this place.
 G = Mean time per level.
                   A        B        C        D        E       F      G
               +--------+--------+--------+--------+--------+-----+--------+
         Total |   4066 |   3854 |    212 |      0 |   3154 |   6 |  677.7 |
       Dungeon |   4066 |   3854 |    212 |      0 |   3154 |   6 |  677.7 |
               +--------+--------+--------+--------+--------+-----+--------+

Top non-repeatable levels by time:
     D:3: 1177 daAuts
     D:4: 1009 daAuts
     D:2: 934 daAuts
     D:1: 801 daAuts
     D:5: 139 daAuts
     D:6: 3 daAuts
